 Dungeon Crawl Stone Soup version 0.31.0 (webtiles) character file.

Game seed: 4168791134385362754

186 qw the Shooter (level 5, -4/33 HPs)
             Began as a Gargoyle Hunter on Jan 20, 2024.
             Killed by divine providence
             ... invoked by an orc priest
              (12 damage)
             ... on level 3 of the Dungeon.
             The game lasted 00:00:09 (2002 turns).

qw the Shooter (Gargoyle Hunter)                    Turns: 2002, Time: 00:00:09

Health: -4/33      AC: 10    Str: 15    XL:     5   Next: 65%
Magic:  5/5        EV: 11    Int:  9    God:
Gold:   63         SH:  0    Dex: 15    Spells: 4/4 levels left

rFire   . . .        a - +0 shortbow
rCold   . . .        (shield currently unavailable)
rNeg    + + .        i - +0 ring mail
rPois   inf          b - +0 helmet
rElec   +            (no cloak)
rCorr   .            (no gloves)
SInv    .            (no boots)
Will    .....        (no amulet)
Stlth   +            f - ring of positive energy
HPRegen 0.25/turn    (no ring)
MPRegen 0.09/turn

%: no passive effects
@: no status effects
A: sickness immunity, AC +4, negative energy resistance 1, electricity
resistance, torment resistance 1, petrification resistance
a: no special abilities


You were on level 3 of the Dungeon.
You visited 1 branch of the dungeon, and saw 3 of its levels.

You collected 63 gold pieces.


Innate Abilities, Weirdness & Mutations

You are immune to sickness and miasma.
Your stone body is resilient. (AC +4)
You are immune to poison.
You resist negative energy. (rN+)
You are resistant to electric shocks. (rElec)
You are resistant to unholy torment.
You are immune to petrification.


   Skills:
 + Level 3.6 Fighting
 - Level 6.0 Ranged Weapons
 - Level 1.1 Armour
 - Level 1.5 Dodging
 - Level 1.1 Stealth


You had 4 spell levels left.
You didn't know any spells.
Your spell library was empty.

Inventory:

Hand Weapons
 a - a +0 shortbow (weapon)
Armour
 b - a +0 helmet (worn)
 i - a +0 ring mail (worn)
Jewellery
 f - a ring of positive energy (left hand)
Scrolls
 c - 3 scrolls of poison {unknown}
Potions
 h - a potion of might
 j - a potion of enlightenment

Dungeon Overview and Level Annotations

Branches:
Dungeon (3/15)

Altars:
Elyvilon

Shops:
D:1 [(*

Annotations:
D:3 Natasha


Message History

The orc wizard is severely wounded.
The orc wizard gestures wildly while chanting.
The orc wizard flickers and vanishes!
Deactivating autopickup; reactivate with Ctrl-A.
The orc wizard closely misses you.
The orc priest mumbles some strange prayers to Beogh against you.
Beogh smites you!
You shoot an arrow. The arrow barely misses the orc priest.
You shoot an arrow.
You hear some strange, mumbled words.
A magic dart appears from out of thin air!
The magic dart hits you.
You shoot an arrow. Something hits you but does no damage.
You shoot an arrow. The arrow barely misses the orc priest.
Something hits you but does no damage.
The orc wizard gestures at you while chanting.
The magic dart hits something.
Reactivating autopickup.
You feel a bit more experienced.
You shoot an arrow. The arrow hits the orc priest.
The orc priest is severely wounded.
The orc priest begins to cast a cantrip, but forgets the words!
Natasha casts a spell.
The orc priest hits you but does no damage.
Enter note:
Enter note: You shoot an arrow.
The arrow hits the orc priest.
The orc priest is almost dead.
Natasha mumbles some strange words.
The orc wizard gestures wildly while chanting.
The orc wizard flickers and vanishes!
Deactivating autopickup; reactivate with Ctrl-A.
The orc priest hits you with a +0 club.
You shoot an arrow. The arrow barely misses the orc priest.
The arrow hits the orc priest.
The orc priest is moderately wounded.
The orc priest calls down the wrath of Beogh upon you.
Beogh smites you!
You die...

###. 5....
#####h.....
#..@ooo....
#.###{5....
#.# .....
#.# ....
#.# ... #.#
.. #.# .
#.# #.#


You could see 2 orc priests, Natasha, 2 cerulean imps and an orc.

Vanquished Creatures
  Jessica (D:2)
  Robin (D:2)
  3 adders (D:2)
  A gnoll (D:1)
  2 dart slugs (D:1)
  A ribbon worm (D:2)
  5 orcs (D:3)
  4 bats
  7 endoplasms
  5 giant cockroaches
  9 goblins
  7 hobgoblins
  2 jackals (D:1)
  A quokka (D:1)
  9 ball pythons
  5 frilled lizards
  9 kobolds
  5 rats
77 creatures vanquished.

Vanquished Creatures (others)
  An orc wizard (D:3)
1 creature vanquished.

Grand Total: 78 creatures vanquished

Notes
Turn   | Place    | Note
-------+----------+-------------------------------------------
     0 | D:1      | qw the Gargoyle Hunter began the quest for the Orb.
     0 | D:1      | Reached XP level 1. HP: 12/12 MP: 1/1
     0 | D:1      | 0 ||| qw: Version: 0.3-a-132-g3d54051
     0 | D:1      | 0 ||| qw: Game counter: 517
     0 | D:1      | 0 ||| qw: Melee chars always use a shield: true
     0 | D:1      | 0 ||| qw: God list: Okawaru
     0 | D:1      | 0 ||| qw: Allow faded altars: false
     0 | D:1      | 0 ||| qw: Do Orc after clearing Dungeon:15 true
     0 | D:1      | 0 ||| qw: Do second Lair branch before Depths: true
     0 | D:1      | 0 ||| qw: Lair rune preference: random
     0 | D:1      | 0 ||| qw: Goals: Normal
     0 | D:1      | 0 ||| PLANNING D:1-11
    60 | D:1      | Found Wixtasof's General Store.
    69 | D:1      | 69 ||| SHOPLISTING +0 ring mail (40 gold, have 0).
   111 | D:1      | Reached XP level 2. HP: 17/17 MP: 2/2
   136 | D:1      | Found Gorecepo's Weapon Boutique.
   150 | D:1      | 150 ||| SHOPLISTING +1 arbalest of flaming (211 gold, have
                  | 6).
   150 | D:1      | 150 ||| SHOPLISTING +1 heavy shortbow (173 gold, have 6).
   168 | D:1      | Reached skill level 5 in Ranged Weapons
   168 | D:1      | Reached XP level 3. HP: 17/21 MP: 3/3
   234 | D:1      | Found Qorohog's Antique Armour Shoppe.
   247 | D:1      | 247 ||| SHOPLISTING ring mail (104 gold, have 6).
   247 | D:1      | 247 ||| SHOPLISTING runed leather armour (130 gold, have
                  | 6).
   488 | D:1      | Found a faded altar of an unknown god.
   571 | D:1      | Reached skill level 3 in Fighting
   649 | D:1      | 649 ||| UPGRADING to +0 ring mail.
   659 | D:1      | 659 ||| DROPPING +0 leather armour.
   660 | D:1      | 660 ||| UPGRADING to ring of positive energy.
   661 | D:1      | 661 ||| READING 2 scrolls labelled JAATOS AKOAR.
   661 | D:1      | 661 ||| IDENTIFYING inky potion
   662 | D:1      | 662 ||| READING scroll of identify.
   662 | D:1      | 662 ||| IDENTIFYING viscous pink potion
   663 | D:1      | 663 ||| DRINKING 2 viscous green potions.
   768 | D:1      | 768 ||| DRINKING 2 puce potions.
   769 | D:1      | 769 ||| DROPPING scroll of butterflies.
   770 | D:1      | 770 ||| DROPPING potion of berserk rage.
   853 | D:2      | Reached skill level 1 in Armour
   853 | D:2      | Reached XP level 4. HP: 28/28 MP: 4/4
  1089 | D:2      | 1089 ||| FLEEEEING.
  1298 | D:2      | Noticed Robin
  1314 | D:2      | Killed Robin
  1316 | D:2      | HP: 6/28 [goblin/+0 club[Robin] (4)]
  1317 | D:2      | 1317 ||| DRINKING potion of heal wounds.
  1325 | D:2      | Reached XP level 5. HP: 19/32 MP: 5/5
  1327 | D:2      | 1327 ||| FLEEEEING.
  1544 | D:2      | Noticed Jessica
  1548 | D:2      | Killed Jessica
  1549 | D:2      | Reached skill level 6 in Ranged Weapons
  1564 | D:2      | Found a white marble altar of Elyvilon.
  1716 | D:2      | 1716 ||| UPGRADING to +0 helmet.
  1991 | D:3      | Noticed Natasha
  2001 | D:3      | HP: 8/33 [orc priest/+0 club (3)]
  2002 | D:3      | Killed from afar by an orc priest

Levels and vault maps discovered:
D:1:      lemuel_arrival_rhombus, layout_rooms, serial_shops,
          nicolae_shop_stone, shop, nicolae_shop_stone,
          hellmonk_ecumenical_altar_leap_of_faith, minmay_crystal_water
D:2:      layout_basic, serial_curves, eino_curves_01, eino_curves_04,
          basic_altar, minmay_misc_feat_encased, minmay_tripent, uniq_jessica,
          uniq_robin
D:3:      layout_basic, mainiacjoe_overflow_cross_hatched,
          amethyst_overflow_temple_binary, minmay_between, uniq_natasha

Skill      XL: |  1  2  3  4  5 |
---------------+----------------+-----
Ranged Weapons | 5 6 |  6.0
Fighting       | 3 |  3.6
Armour         | 1 |  1.1
Dodging        | |  1.5
Stealth        | |  1.1

Action                     |  1- 3 |  4- 6 || total
---------------------------+-------+-------++-------
   Fire: Shortbow          |    97 |   163 ||   260
    Use: Potion            |     2 |     1 ||     3
         Scroll            |     2 |       ||     2
 Armour: Leather armour    |    23 |       ||    23
         Ring mail         |       |   113 ||   113
  Dodge: Dodged            |    31 |    83 ||   114

Table legend:
 A = Non-vault XP
 B = Vault XP
 C = Vault XP percentage of total XP
 D = Non-vault monster count
 E = Vault monster count
 F = Vault count percentage of total count
                 A         B        C        D         E       F
            +---------+---------+-------+---------+---------+-------
      Total |     185 |      81 |  30.5 |      62 |      16 |  20.5
            +---------+---------+-------+---------+---------+-------
        D:1 |      71 |       0 |   0.0 |      33 |       0 |   0.0
        D:2 |      71 |      69 |  49.3 |      22 |      11 |  33.3
        D:3 |      43 |      12 |  21.8 |       7 |       5 |  41.7
            +---------+---------+-------+---------+---------+-------
